 Dungeon Crawl Stone Soup version 0.16.0-12-g7215832 (webtiles) character file.

300 kae the Conjurer (level 6, -3/32 HPs)
             Began as a Tengu Fire Elementalist on Mar 18, 2015.
             Slain by a giant frog (8 damage)
             ... in a sewer.
             The game lasted 00:04:13 (2970 turns).

kae the Conjurer (Tengu Fire Elementalist)          Turns: 2970, Time: 00:04:13

Health: -3/32      AC:  3    Str:  8    XL:     6   Next: 36%
Magic:  3/15       EV: 12    Int: 17    God:
Gold:   156        SH:  0    Dex: 15    Spells: 1 memorised, 10 levels left

rFire  . . .     SeeInvis .     d - +3 short sword
rCold  . . .     Clarity  .     a - +1 robe
rNeg   . . .     SustAb   .     (no shield)
rPois  .         Gourm    .     (helmet restricted)
rElec  .         Spirit   .     (no cloak)
rCorr  .         Warding  .     (no gloves)
rMut   .         Stasis   .     (boots unavailable)
MR     .....                    (no amulet)
Stlth  +.........               (no ring)
                                q - +3 ring of slaying

@: not resistant to hostile enchantments, very unstealthy
A: able to fly, beak, talons 3
a: Fly


You were in a sewer.
You were not hungry.

You visited 1 branch of the dungeon, and saw 4 of its levels.
You also visited: Sewer.

You collected 156 gold pieces.

Inventory:

Hand weapons
 d - a +3 short sword (weapon)
Armour
 a - a +1 robe (worn)
Jewellery
 q - a +3 ring of slaying (left hand)
Scrolls
 e - a scroll of identify
 i - 6 scrolls of remove curse
 l - a scroll of fog {unknown}
 n - a scroll of blinking
 o - 2 scrolls of magic mapping {unknown}
Potions
 g - a potion of brilliance {unknown}
 h - 5 potions of curing
 j - a potion of agility {unknown}
 m - 2 potions of haste {unknown}
 r - a potion of might {unknown}
 s - a potion of heal wounds {unknown}
Books
 b - a book of Flames

   Spells                             Type                      Level
   a - Flame Tongue                   Conjuration/Fire             1
   b - Throw Flame                    Conjuration/Fire             2
   c - Conjure Flame                  Conjuration/Fire             3
   d - Inner Flame                    Hexes/Fire                   3
   e - Sticky Flame                   Conjuration/Fire             4
   f - Fireball                       Conjuration/Fire             5
Comestibles
 c - 2 bread rations
 f - a meat ration
 k - a beef jerky
 p - a chunk of flesh


   Skills:
 - Level 2.1 Dodging
 - Level 2.0 Stealth
 + Level 3.3 Spellcasting
 * Level 5.4 Conjurations
 * Level 5.1 Fire Magic


You had 10 spell levels left.
You knew the following spells:

 Your Spells              Type           Power        Failure   Level  Hunger
a - Flame Tongue          Conj/Fire      ###..        1%          1    None


Dungeon Overview and Level Annotations

Branches:
Dungeon (4/15)
 Temple: D:4-7

Altars:
Ru
The Shining One


Innate Abilities, Weirdness & Mutations

You can fly.
You have a beak for a mouth.
You have claws for feet.


Message History

You are engulfed in a cloud of scalding steam.
The giant frog is engulfed in a cloud of scalding steam.
The giant frog hits you.
The giant frog is engulfed in a cloud of scalding steam.
The giant frog hits you.
* * * LOW HITPOINT WARNING * * *
Unknown command.
Unknown command.
Unknown command.
Unknown command.
The giant frog barely misses you.
Casting: Flame Tongue
Confirm with . or Enter, or press ? or * to list all spells.
Aiming: Flame Tongue
Press: ? - help, Shift-Dir - straight line, f/p - giant frog
Aim: a giant frog (water, moderately wounded)
The flame tongue misses the giant frog.
The giant frog is engulfed in a cloud of scalding steam.
The giant frog hits you!
You die...

≈†≈†≈#
#≈≈≈≈≈≈#
≈.≈.≈#
#≈≈≈≈≈≈#
≈...≈#
#≈≈≈≈≈≈#
≈≈≈≈≈#
#≈≈≈≈≈≈#
≈≈≈≈≈#
#≈≈≈≈≈≈#
≈≈≈≈≈#
#≈≈≈≈≈≈#
≈≈≈≈≈#
#≈≈≈≈≈≈#
≈≈≈≈≈#
#≈≈≈≈†≈#
≈≈≈≈≈#
#≈≈†@≈≈#
≈≈≈≈≈#
#≈≈≈F≈≈#
≈≈≈≈≈#
#≈††≈≈≈#
≈≈≈≈≈#
#≈≈≈≈≈≈#
≈..≈≈#
#≈.≈...#
.....#
#......#
....##
#......#
....#
+......#
...##
##....##


You could see a giant frog.

Vanquished Creatures
  A giant frog (Sewer)
  A hound skeleton (D:4)
  3 river rats (Sewer)
  6 adders
  2 giant mites
  A worm (D:2)
  3 giant geckos
  4 oozes
  6 orcs (D:3)
  6 bats
  2 giant cockroaches
  10 hobgoblins
  17 ball pythons
  6 giant newts
  9 goblins
  9 kobolds
  A quokka (D:2)
  34 rats
121 creatures vanquished.

Notes
Turn   | Place    | Note
--------------------------------------------------------------
     0 | D:1      | kae, the Tengu Fire Elementalist, began the quest for the Orb.
     0 | D:1      | Reached XP level 1. HP: 10/10 MP: 3/3
   179 | D:1      | Reached XP level 2. HP: 13/15 MP: 5/5
   683 | D:2      | Reached XP level 3. HP: 13/19 MP: 7/7
  1043 | D:2      | Reached skill level 4 in Fire Magic
  1400 | D:2      | Reached XP level 4. HP: 24/24 MP: 9/9
  1810 | D:3      | Found a glowing golden altar of the Shining One.
  2205 | D:4      | Reached XP level 5. HP: 23/28 MP: 12/12
  2220 | D:4      | Found a glowing drain.
  2234 | D:4      | Found a sacrificial altar of Ru.
  2266 | Sewer    | Entered a sewer
  2960 | Sewer    | Reached skill level 5 in Conjurations
  2962 | Sewer    | Reached XP level 6. HP: 25/32 MP: 9/15
  2964 | Sewer    | Reached skill level 5 in Fire Magic
  2970 | Sewer    | Slain by a giant frog

Action                   |  1- 3 |  4- 6 || total
-------------------------+-------+-------++-------
Melee: Short sword       |    60 |    87 ||   147
       Unarmed           |     3 |       ||     3
 Cast: Flame Tongue      |    19 |    59 ||    78
  Use: Scroll            |       |     6 ||     6
       Potion            |       |     2 ||     2
 Stab: Sleeping          |     3 |     2 ||     5
  Eat: Chunk             |     1 |     6 ||     7
